[Event "*** Titled Tuesday Blitz"]
[Site "Chess.com"]
[Date "2018.09.04"]
[Round "4"]
[White "GhostOfGreenval"]
[Black "Godzillator"]
[Result "1-0"]
[WhiteElo "2463"]
[BlackElo "2306"]
[TimeControl "180+2"]
[EndTime "14:29:16 PDT"]
[Termination "GhostOfGreenval won by resignation"]

1. d4 d5 2. c4 c6 3. e3 Nf6 4. Nf3 Bf5 5. Nc3 a6 6. Qb3 b5 7. cxd5 cxd5 8. a4 b4 9. Na2 a5 10. Bb5+ Bd7 11. O-O e6 12. Bd2 Bd6 13. Nc1 O-O 14.
Bxd7 Nbxd7 15. Nd3 Rc8 16. Rfc1 Qb6 17. Nfe5 Bxe5 18.
Nxe5 Nxe5 19. dxe5 Ne4 20. Be1 Rc6 21. f3 Nc5 22.
Qd1 Rfc8 23. Bf2 Qa6 24. h4 Nd3 25. Rxc6 Rxc6 26. Qe2 Nc5 27. Qb5 Nd3 28. b3 h5 29.
Bg3 Qxb5 30. axb5 Rb6 31. Rxa5 Nc5 32. e4 d4 33. Be1 Nxb3 34. Ra8+ Kh7 35. Bxb4 Rxb5 36.
Bd6 d3 37. Kf2 d2 38. Ke2 Rb6 39. Rb8 Rxb8 40. Bxb8 Kg8 41. Bd6 g6 42. Bb4 Kg7 43.
Bxd2 Nc5 44. Bg5 Nd7 45. f4 Kf8 46. Kf3 Ke8 47. g4 hxg4+ 48. Kxg4 Nc5 49. Kf3 Kd7 50. Ke3 Kc6 51. Kd4 Kb5 52. Be7 Nd7 53. Bd6 Kc6 54. f5 Nb6 55. fxg6 fxg6 56. Ke3 Nc4+ 57. Kf4 Nd2 58.
Kg5 Nxe4+ 59. Kxg6 Kd5 60. h5 Nf2 61. h6 Nd3 62. h7 Nf4+ 63. Kg7 Nh5+ 64. Kg6 Nf4+ 65. Kh6 Nd3 66. h8=Q Nf2 67. Qa8+ Kd4 68. Qa7+ Ke4 69. Qxf2 Kd5 70. Qf6 1-0

[Event "*** Titled Tuesday Blitz"]
[Site "Chess.com"]
[Date "2018.09.04"]
[Round "4"]
[White "Xeniya2005"]
[Black "BigAl"]
[Result "1/2-1/2"]
[WhiteElo "1997"]
[BlackElo "2070"]
[TimeControl "180+2"]
[EndTime "14:29:22 PDT"]
[Termination "Game drawn - insufficient material"]

1. e4 c5 2. Nf3 e6 3. d4 cxd4 4. Nxd4 a6 5. Nc3 Qc7 6. Be3 Nf6 7.
Bd3 Bc5 8. O-O h5 9. h3 b5 10.
a3 Bb7 11. Qd2 g5 12. Nb3 Bxe3 13. Qxe3 Qe5 14. f4 gxf4 15. Qxf4 Qxf4 16. Rxf4 Ng8 17. e5 Nc6 18. Nc5 O-O-O 19. Re1 Nh6 20. Rf6 Ne7 21.
Nxb7 Kxb7 22. Ne4 Nc8 23. Ng5 Rdf8 24. Ref1 d6 25. exd6 Nxd6 26. Nxe6 Rc8 27. Ng5 Kc7 28. Re1 Kd7 29. g3 Rc5 30. h4 Ng8 31. Rf4 f6 32. Ne6 Re5 33. Nf8+ Kc6 34. Rxe5 fxe5 35. Rf1 Ne7 36. Ng6 Nxg6 37. Bxg6 Kd5 38. Kh2 e4 39. Rd1+ Ke5 40. Re1 Rf8 41. Kg2 Rh8 42. Rf1 a5 43.
Re1 b4 44. axb4 axb4 45. Ra1 Rc8 46. Ra5+ Kd4 47. Bxh5 Rxc2+ 48. Kh3 e3 49. Ra6 Ne4 50. Bf3 Nf2+ 51. Kg2 Nd3+ 52. Kg1 Ne5 53. Bh5 Rxb2 54. Rd6+ Ke4 55. Bd1 Rb1 56. Kg2 b3 57. h5 Rb2+ 58. Kg1 Rb1 59. Kg2 Rxd1 60. Rxd1 e2 61. Rb1 Ng4 62. Kh3 Nf6 63. h6 Kd4 64. Kh4 Kc3 65.
Kg5 Nh7+ 66. Kg6 Nf8+ 67. Kg7 Kc2 68. Rh1 b2 69. Kxf8 b1=Q 70. Rxb1 Kxb1 71. h7 e1=Q 72. h8=Q Qxg3 73. Qf6 Kc2 74. Qc6+ Kd3 75. Qd7+ Ke4 76.
Qc6+ Kf5 77. Qd5+ Kf6 78. Qc6+ Kf5 79. Qc5+ Kf4 80. Qc4+ Kf3 81. Qd3+ Kf4 82. Qxg3+ Kxg3 1/2-1/2

[Event "*** Titled Tuesday Blitz"]
[Site "Chess.com"]
[Date "2018.09.04"]
[Round "4"]
[White "Marcus_Harvey"]
[Black "Slovak_fighter2000"]
[Result "1-0"]
[WhiteElo "2698"]
[BlackElo "2399"]
[TimeControl "180+2"]
[EndTime "14:29:28 PDT"]
[Termination "Marcus_Harvey won on time"]

1. Nf3 Nf6 2. b3 g6 3. Bb2 Bg7 4. e3 O-O 5. Be2 d6 6. d4 Nc6 7. O-O e5 8. dxe5 Ng4 9. c4 Ngxe5 10. Nxe5 Nxe5 11. Nc3 Be6 12. Qd2 Nd7 13. Rad1 Qe7 14.
Bf3 Rab8 15. Nb5 Ne5 16. Be2 a6 17. Nd4 Bd7 18. Rfe1 Nc6 19. Bf3 Ne5 20. Be2 Nc6 21.
b4 Nxd4 22. Bxd4 Bxd4 23. Qxd4 Be6 24. a4 c5 25. Qb2 cxb4 26. Qxb4 Rfc8 27. Rd4 Rc7 28.
Red1 Rbc8 29. h4 h5 30. g3 Kg7 31. Rxd6 Qf6 32. R6d4 Qe5 33. R1d2 Qc5 34. Qb2 Qe5 35. Rf4 Qxb2 36. Rxb2 Bxc4 37. Bxc4 Rxc4 38. Rxb7 Rxf4 39.
gxf4 Rc4 40. a5 Rc5 41. Kg2 Rxa5 42. Ra7 Ra4 43. Kf3 Kf6 44. Kg3 Ra1 45. f3 Rg1+ 46. Kf2 Ra1 47. e4 Ra2+ 48. Kg3 Ra3 49. e5+ Ke6 50.
Rb7 Ra1 51. Rb6+ Ke7 52. f5 gxf5 53. Kf4 Ra4+ 54. Kxf5 Rxh4 55. Rxa6 Rb4 56. f4 Rb1 57. Ra7+ Kf8 58. Kf6 Rb6+ 59. Kg5 Kg7 60. Kxh5 Kf8 61. Kg5 Rb1 62. f5 Rb6 63. f6 Rb8 64. Kf5 Rc8 65.
Ra1 Rb8 66. Rh1 Kg8 67. Rh2 Rb1 68. Ra2 Rb8 69. Ra5 Kf8 70. e6 fxe6+ 71. Kg6 Re8 72. Rh5 1-0

[Event "*** Titled Tuesday Blitz"]
[Site "Chess.com"]
[Date "2018.09.04"]
[Round "4"]
[White "Spring199"]
[Black "nochewycandy"]
[Result "1-0"]
[WhiteElo "2224"]
[BlackElo "2140"]
[TimeControl "180+2"]
[EndTime "14:29:33 PDT"]
[Termination "Spring199 won by checkmate"]

1. d4 Nf6 2. Nf3 g6 3. e3 Bg7 4. Bd3 O-O 5. O-O d6 6. b3 c5 7. Bb2 Nc6 8. Nbd2 b6 9. a3 Bb7 10. c4 e5 11. dxe5 dxe5 12. Ne4 Qe7 13. Qc2 Rad8 14. Rad1 Ne8 15. Nc3 Nc7 16. Be4 f5 17. Nd5 Nxd5 18. Bxd5+ Kh8 19. h3 Rd6 20. Rd2 Rfd8 21.
Rfd1 e4 22. Ne1 h6 23. Bxg7+ Kxg7 24. b4 Qd7 25. Bxc6 Qxc6 26. Rxd6 Rxd6 27. Qc3+ Kh7 28. Rxd6 Qxd6 29. g3 Ba6 30. Ng2 g5 31. h4 Kg6 32.
Qh8 Bxc4 33. Qe8+ Kg7 34. hxg5 hxg5 35. Qa8 Qd7 36. g4 Qd1+ 37. Kh2 Qxg4 38. Qxa7+ Kg8 39.
Qb8+ Kg7 40. Qc7+ Kg8 41. Qd8+ Kg7 42. Qc7+ Bf7 43. Qxb6 cxb4 44. axb4 Qh5+ 45. Kg1 Qd1+ 46. Kh2 Qh5+ 47. Kg3 f4+ 48. exf4 Qf3+ 49. Kh2 gxf4 50. Qd4+ Kg8 51. Qd8+ Kh7 52. Qh4+ Bh5 53. Nxf4 Kg8 54.
Qg5+ Kf8 55. Nxh5 Qxf2+ 56. Kh3 Qf1+ 57. Kg4 Qf3+ 58. Kh4 Qh1+ 59. Kg3 Qg1+ 60. Kf4 Qc1+ 61. Kf5 Qxg5+ 62. Kxg5 e3 63. Ng3 Ke7 64. Kf4 e2 65.
Nxe2 Kd6 66. Nc3 Kc6 67. b5+ Kc5 68. Ke5 Kb6 69. Kd6 Ka5 70. Kc6 Kb4 71. b6 Kxc3 72. b7 Kd4 73. b8=Q Ke4 74. Qb3 Kf4 75. Qd3 Kg4 76. Qe3 Kh4 77. Qg1 Kh5 78. Kd5 Kh4 79. Ke5 Kh3 80. Kf5 Kh4 81. Qg4# 1-0

[Event "*** Titled Tuesday Blitz"]
[Site "Chess.com"]
[Date "2018.09.04"]
[Round "4"]
[White "JoakimVonAnd"]
[Black "suyu28"]
[Result "1/2-1/2"]
[WhiteElo "2366"]
[BlackElo "2491"]
[TimeControl "180+2"]
[EndTime "14:29:41 PDT"]
[Termination "Game drawn by stalemate"]

1. d4 d5 2. c4 c6 3. Nf3 Nf6 4. Qc2 dxc4 5. e4 b5 6. b3 cxb3 7. axb3 e6 8. Bd2 a5 9. Bd3 h6 10. O-O Be7 11. Rc1 Bb7 12. Nc3 O-O 13. e5 Nd5 14. Ne4 b4 15. Nc5 Bxc5 16. Qxc5 Ba6 17. Qxa5 Qxa5 18. Rxa5 Bb7 19. Rxa8 Bxa8 20.
Be4 Na6 21. Ra1 Bb7 22. Ne1 c5 23. Bd3 Ndc7 24. Nc2 cxd4 25. Nxb4 Nc5 26. Bc4 Rb8 27. Ra7 Nd5 28. Nc2 d3 29. Ne1 Ne4 30. Ra2 Ra8 31.
Rxa8+ Bxa8 32. Nf3 Nxd2 33. Nxd2 Nb4 34. f3 Bd5 35.
Bb5 g5 36. Kf2 Bc6 37. Bxc6 Nxc6 38. Nc4 Nb4 39. Ke3 Kf8 40. Kd2 Ke7 41. Kc3 Nd5+ 42. Kxd3 Nf4+ 43. Kd4 Nxg2 44. b4 Ne1 45. Ke4 Nc2 46.
b5 Kd7 47. b6 Kc6 48. Nd6 Kxb6 49. Nxf7 Kc6 50. Nxh6 Kd7 51. Nf7 Ke7 52. Nxg5 Ne1 53.
h4 Ng2 54. h5 Nh4 55. h6 Ng6 56. h7 Nh8 57. f4 Ng6 58. f5 exf5+ 59. Kxf5 Nh8 60. e6 Ke8 61. Kf6 Kf8 62. e7+ Ke8 63.
Kg7 Kxe7 64. Kxh8 Kf8 65. Ne6+ Kf7 66. Nf4 Kf8 67. Nh5 Kf7 68. Ng3 Kf8 69. Ne4 Kf7 70.
Nd6+ Kf8 71. Ne8 Kf7 72. Nf6 Kf8 73. Ng8 Kf7 74. Ne7 Kf8 75. Ng6+ Kf7 76. Nf8 Kxf8 1/2-1/2

[Event "*** Titled Tuesday Blitz"]
[Site "Chess.com"]
[Date "2018.09.04"]
[Round "4"]
[White "dimke2802"]
[Black "SmoothAsAHedgehog"]
[Result "1/2-1/2"]
[WhiteElo "2417"]
[BlackElo "2576"]
[TimeControl "180+2"]
[EndTime "14:30:08 PDT"]
[Termination "Game drawn by agreement"]

1. d4 Nf6 2. Nf3 e6 3. c4 Bb4+ 4. Bd2 Qe7 5. g3 b6 6. Bg2 Bb7 7. O-O O-O 8. Bg5 h6 9. Bxf6 Qxf6 10. a3 Be7 11. Nc3 d6 12. e4 Bd8 13. e5 Qe7 14. Qe2 dxe5 15. dxe5 Nd7 16. Rfd1 Qe8 17. h4 Be7 18. h5 Rd8 19. Rd4 Nc5 20. Rg4 Nb3 21.
Re1 Bc5 22. Ne4 Bxe4 23. Qxe4 Kh8 24. Bf1 Nd4 25. Nh4 f5 26. exf6 Rxf6 27. Bd3 Nf5 28. Nxf5 Rxf5 29. Rf4 Qxh5 30. Rxf5 Qxf5 31. Qxf5 exf5 32.
Bf1 Rd2 33. Re2 Rxe2 34. Bxe2 g6 35. Kg2 Kg7 36. b4 Bd4 37. b5 Kf6 38. f4 g5 39.
Kf3 g4+ 40. Kg2 Bb2 41. a4 Bc3 42. Bd3 Be1 43. Bc2 h5 44. Bd3 Bd2 45. Bc2 h4 46. Bd3 Be3 47. Bc2 Bd2 48. Bd3 Be1 49. gxh4 Bd2 50.
Kg3 Be1+ 51. Kg2 Bxh4 52. Bc2 Be1 53. Bd3 Bd2 54. Kg3 Bb4 55. Bc2 Bc5 56. Bd3 Ke6 57.
Bc2 Bb4 58. Bd3 Be1+ 59. Kg2 Bd2 60. Kg3 Ba5 61. Bc2 Be1+ 62. Kg2 g3 63. Kf3 Bf2 64. Bd3 Kf6 65. Bc2 Be1 66. Bd3 Kg6 67. Bc2 Bf2 68.
Bd3 Kf6 69. Bc2 Ke6 70. Bd3 Kd6 71. Bxf5 Kc5 72. Be6 Kb4 73. f5 Kxa4 74. f6 Ka5 75. f7 Bc5 76. Kxg3 a6 77. bxa6 Kxa6 78. Kf3 c6 79. Ke4 b5 80. cxb5+ cxb5 81. Kd3 Bf8 82. Kc2 Kb6 83. Kb3 Kc5 84. Bh3 Kd6 85. Bf1 Ke7 86.
Bxb5 Kxf7 87. Bc4+ 1/2-1/2

[Event "*** Titled Tuesday Blitz"]
[Site "Chess.com"]
[Date "2018.09.04"]
[Round "4"]
[White "Abund"]
[Black "BvsN"]
[Result "1-0"]
[WhiteElo "2451"]
[BlackElo "2236"]
[TimeControl "180+2"]
[EndTime "14:30:32 PDT"]
[Termination "Abund won by resignation"]

1. e4 c5 2. Nf3 e6 3. c3 Nf6 4. Bd3 d5 5. e5 Nfd7 6. Bc2 c4 7. d4 cxd3 8. Qxd3 Nc6 9. Qe2 Be7 10.
O-O O-O 11. Bf4 b6 12. Nbd2 a5 13. Qd3 g6 14. Rfe1 Ba6 15. Qe3 Rc8 16. Bh6 Re8 17. Qf4 Bf8 18. Ng5 Qe7 19. Qh4 Bxh6 20. Qxh6 Nf8 21. Re3 f6 22. exf6 Qxf6 23. Rae1 Rc7 24.
Ndf3 e5 25. Bb3 Bc4 26. Ne4 Qg7 27. Qxg7+ Kxg7 28. Nd6 Rd8 29. Nxc4 dxc4 30. Bxc4 Re7 31. Bb5 Na7 32. Bf1 Nc6 33. Nxe5 Nxe5 34. Rxe5 Rxe5 35. Rxe5 Rd2 36. Rb5 Nd7 37. a4 Nc5 38. Rxb6 Nxa4 39. Rb7+ Kh6 40. b4 Nxc3 41. bxa5 Rd1 42. g3 Ra1 43. a6 Ne2+ 44. Kg2 Nd4 45. Bc4 Ra4 46. Bd3 Ra3 47. Bc4 Ra4 48. Rc7 Nf5 49. a7 Nd6 50. Bd5 Nb5 51. a8=Q Rxa8 52. Rxh7+ Kxh7 53. Bxa8 Nd6 54. Bf3 Kg7 55. h4 Kf6 56. Be2 Nf5 57.
Bd3 Nd6 58. f4 Ne8 59. Kf3 Ng7 60. Kg4 Nh5 61. Be4 Ng7 62. Kf3 Ne6 63. g4 Nd4+ 64. Ke3 Ne6 65. f5 gxf5 66. Bxf5 Ng7 67. Kf4 Kf7 68.
g5 Nh5+ 69. Kg4 Ng7 70. h5 Ne8 71. Bg6+ Kf8 72. Bxe8 Kxe8 73. Kf5 Kf7 74. g6+ Kg7 75. Kg5 Kg8 76. h6 Kh8 77. Kf6 Kg8 78. h7+ Kh8 79. Ke7 Kg7 80. Ke8 Kh8 81. Ke7 Kg7 82. Ke6 Kh8 83.
Kf5 Kg7 84. Kg5 Kh8 85. Kf5 Kg7 86. h8=N Kf8 87. Nf7 Kg7 88. Ng5 Kg8 89. Ne6 Kh8 90. Kf6 Kg8 91. g7 Kh7 92. Kf7 1-0

[Event "*** Titled Tuesday Blitz"]
[Site "Chess.com"]
[Date "2018.09.04"]
[Round "4"]
[White "NikolaGry"]
[Black "GHANDEEVAM2003"]
[Result "1-0"]
[WhiteElo "2603"]
[BlackElo "2688"]
[TimeControl "180+2"]
[EndTime "14:30:49 PDT"]
[Termination "NikolaGry won by resignation"]

1. d4 Nf6 2. Nf3 g6 3. h3 Bg7 4. Bf4 O-O 5. e3 d6 6. Be2 Nbd7 7. O-O Re8 8. c3 b6 9. a4 a5 10. Na3 Bb7 11. Nb5 e5 12. Bh2 e4 13. Nd2 h5 14.
Nc4 Nf8 15. Nxc7 Qxc7 16. Nxd6 Red8 17. Nxe4 Qe7 18. Nxf6+ Bxf6 19. Bf3 Ne6 20. Bxb7 Qxb7 21. Qf3 Qxf3 22. gxf3 Rac8 23. Ra3 Rd7 24. Rb3 Rb7 25. Rb5 Nc7 26. Bxc7 Rcxc7 27. f4 Kf8 28. Rc1 Ke7 29. b3 Rc6 30. c4 Bg7 31. Kg2 Kd7 32. Kf3 f5 33. Rd5+ Ke7 34. Rg1 Rd7 35. Rxd7+ Kxd7 36.
Ke2 Re6 37. Kd3 Bf8 38. f3 Bd6 39. Rg2 Ke7 40. Rg1 Kf7 41. Rg2 Rf6 42. Rg1 Ba3 43. Rg2 Re6 44. Rc2 Bd6 45. Re2 Bc7 46. Rc2 Kf6 47. c5 bxc5 48. Rxc5 Bb6 49. Rb5 Bd8 50. b4 Rb6 51. Rxb6+ Bxb6 52. b5 g5 53. e4 g4 54.
fxg4 fxg4 55. hxg4 hxg4 56. Ke3 Kg6 57. Kf2 Bxd4+ 58.
Kg3 Kh5 59. e5 Bb6 60. e6 Bc5 61. b6 Kg6 62. b7 Bd6 63. Kxg4 Kf6 64. f5 Bb8 65. Kf3 Ke7 66. Ke4 Kd6 67. Kd4 Bc7 68.
Kc4 Bb8 69. Kb5 Bc7 70. Ka6 Bb8 71. Kxa5 Bc7+ 72. Kb5 Bb8 73. a5 Bc7 74. a6 Bb8 75. Kb6 Bc7+ 76. Kb5 Bb8 77. Kc4 Bc7 78. Kd3 Bb8 79. Ke4 Ke7 80. Kd5 Kf6 81. Kc6 Ke7 82.
a7 Bxa7 83. Kc7 1-0

[Event "*** Titled Tuesday Blitz"]
[Site "Chess.com"]
[Date "2018.09.04"]
[Round "4"]
[White "BilodeauA"]
[Black "GMKrikor"]
[Result "0-1"]
[WhiteElo "2773"]
[BlackElo "2756"]
[TimeControl "180+2"]
[EndTime "14:30:52 PDT"]
[Termination "GMKrikor won by resignation"]

1. e4 c5 2. Nf3 g6 3. c4 Nc6 4. d4 cxd4 5. Nxd4 Nf6 6. Nc3 d6 7. Be2 Nxd4 8. Qxd4 Bg7 9. Be3 O-O 10. Qd2 a5 11.
Rc1 a4 12. f3 Qa5 13. Kf2 Be6 14. Rhd1 Rfc8 15. Nb5 Qxd2 16. Rxd2 Nd7 17. Nd4 Nc5 18. Nxe6 fxe6 19. Rb1 Ra6 20. b4 axb3 21. axb3 Ra3 22. b4 Na4 23. c5 Nc3 24. Rc1 Nxe2 25. Kxe2 dxc5 26. Rxc5 Rxc5 27. Bxc5 Ra8 28. Bxe7 Bc3 29. Rc2 Be5 30. g3 Kf7 31. Bc5 Rc8 32. Rd2 Ke8 33.
f4 Bc7 34. Kf3 Ra8 35. h4 h5 36. Kg2 Ra3 37. Bd6 Bd8 38. Be5 Be7 39. Rc2 Bxb4 40. Rc8+ Kd7 41. Rc7+ Ke8 42. Rxb7 Be1 43. Rb8+ Kf7 44.
Rb1 Rxg3+ 45. Kh2 Re3 46. Rb7+ Ke8 47. Rb8+ Kd7 48. Rb7+ Kc6 49. Rc7+ Kb5 50. Rg7 Rxe4 51. Rxg6 Bxh4 52. Kh3 Be1 53. Rxe6 Re3+ 54. Kg2 h4 55.
Rh6 Kc4 56. Bb8 Kd5 57. f5 Bg3 58. Ba7 Re2+ 59. Kh3 Re7 60. f6 Rxa7 61. Kg4 Ke6 62. f7+ Ke7 63. Rf6 Kf8 64. Rf3 Ra4+ 65. Kh3 Rc4 66. Rf5 Re4 67. Rf3 Re2 68. Rf5 Rh2+ 69. Kg4 Rh1 70. Rf3 Be1 71. Rh3 Rg1+ 72. Kf3 Kxf7 73.
Ke2 Bg3 74. Kf3 Kg6 75. Kg4 Be1+ 76. Kf3 Kg5 77. Rh2 Bg3 78. Ra2 Kf5 79. Ra5+ Be5 80. Kf2 Rg8 81. Ra3 Rg7 82. Rb3 Bf4 83. Rb5+ Be5 84. Rb3 Rg6 85. Ra3 Bf4 86. Ra5+ Kg4 87. Kg2 Rc6 88. Ra1 Rc2+ 89. Kh1 Kh3 90. Ra3+ Bg3 91.
Ra1 Rh2+ 92. Kg1 Bf2+ 0-1

[Event "*** Titled Tuesday Blitz"]
[Site "Chess.com"]
[Date "2018.09.04"]
[Round "4"]
[White "JonahWillow"]
[Black "Bryakin_Mikhail"]
[Result "1/2-1/2"]
[WhiteElo "2732"]
[BlackElo "2539"]
[TimeControl "180+2"]
[EndTime "14:32:02 PDT"]
[Termination "Game drawn - insufficient material"]

1. e4 c6 2. d4 d5 3. e5 Bf5 4. h4 h5 5. c4 e6 6. Nc3 dxc4 7. Bxc4 Nd7 8. Nge2 Ne7 9. Ng3 Bg6 10. Bg5 Qb6 11. O-O Nf5 12. Nxf5 Bxf5 13. Qd2 Be7 14. Bxe7 Kxe7 15.
Na4 Qc7 16. Bd3 Bxd3 17. Qxd3 Nb6 18. Nc5 Nd5 19. Qg3 Rag8 20. Rfe1 Rh6 21. Qg5+ Ke8 22. g3 b6 23. Ne4 Qe7 24. Rac1 Kd7 25. Qd2 Qb4 26.
Qc2 Ke7 27. Qxc6 Rd8 28. Red1 Kf8 29. Qc2 Kg8 30. a3 Qe7 31. Qe2 Kh8 32. Ng5 Kg8 33.
Re1 Qd7 34. Rcd1 Ne7 35. Ne4 Nf5 36. Kg2 Qd5 37. f3 Rg6 38. Kh3 Nxd4 39. Qe3 Qxe5 40.
f4 Qf5+ 41. Kh2 Qd5 42. Nc3 Qc5 43. Rd3 e5 44. fxe5 Re6 45. Red1 Rxe5 46. Qxd4 Rxd4 47. Rxd4 g6 48. R1d2 Kg7 49. Kh3 Qe7 50. Rf4 Qe6+ 51.
Kh2 Rf5 52. Rfd4 Qf6 53. Ne4 Qe5 54. Kh3 Rf3 55. Kh2 Qf5 56. Kg2 Rf1 57. Ng5 Qf6 58. Rd7 Rf5 59. Rxf7+ Qxf7 60. Nxf7 Rxf7 61. Kh3 Rc7 62.
g4 hxg4+ 63. Kxg4 Rc4+ 64. Kg5 Rc5+ 65. Kg4 Kf6 66. Rd6+ Kg7 67. Rd7+ Kh6 68. Rxa7 Rc2 69. b4 Rc4+ 70. Kg3 b5 71. Ra5 Rc3+ 72. Kg4 Rc4+ 73. Kh3 Kh7 74. Rxb5 Rc3+ 75. Kg4 Rxa3 76. Rc5 Kh6 77. Rc4 Rb3 78. Rd4 Kg7 79. Kg5 Rb1 80. Rg4 Rf1 81. Rf4 Rg1+ 82. Rg4 Rf1 83. Rc4 Rf5+ 84.
Kg4 Rb5 85. Rf4 Kh6 86. Rc4 Kg7 87. Kf4 Kf6 88. Ke4 g5 89. hxg5+ Rxg5 90. Rc6+ Ke7 91. Kd4 Kd7 92. Rc3 Kd6 93. Rc8 Kd7 94. Rc1 Kd6 95. Rc2 Rh5 96. Rc1 Rh4+ 97. Kc3 Kc6 98. Kb3+ Kb6 99. Rc5 Rh6 100. Rg5 Rf6 101. Ka4 Re6 102. Rd5 Rh6 103. Rd4 Rg6 104. Rc4 Rf6 105. b5 Rh6 106.
Kb4 Rg6 107. Rh4 Rf6 108. Rg4 Rh6 109. Kc4 Rf6 110. Rd4 Rh6 111. Rd5 Rh4+ 112. Kc3 Rg4 113. Kb3 Rh4 114. Rg5 Rf4 115. Kc3 Re4 116. Kd3 Rb4 117. Kc3 Rxb5 118. Rxb5+ Kxb5 1/2-1/2

[Event "*** Titled Tuesday Blitz"]
[Site "Chess.com"]
[Date "2018.09.04"]
[Round "4"]
[White "Fins0905"]
[Black "MikaelyanArman"]
[Result "1-0"]
[WhiteElo "2608"]
[BlackElo "2667"]
[TimeControl "180+2"]
[EndTime "14:32:13 PDT"]
[Termination "Fins0905 won by resignation"]

1. d4 Nf6 2. c4 e6 3. Nf3 Bb4+ 4.
Bd2 Qe7 5. g3 Nc6 6. Nc3 O-O 7.
Bg2 d5 8. cxd5 exd5 9. O-O Bf5 10. Rc1 Rfe8 11. e3 a6 12. Na4 Bxd2 13. Qxd2 Ne4 14. Qd1 h5 15. a3 Rad8 16. Nc5 Nxc5 17. Rxc5 Be4 18. Qb3 Qf6 19. Qxb7 Re6 20. Qxc7 Bxf3 21. Bxf3 Qxf3 22. Rxc6 Rxc6 23. Qxc6 h4 24. Qc7 Re8 25.
Qf4 Qe2 26. Qxh4 Qxb2 27. Qg5 Qxa3 28. Qxd5 a5 29. Rb1 Qc3 30. Rb7 Rf8 31. Ra7 Qa1+ 32. Kg2 a4 33. Qa5 Qb1 34. Qxa4 Qe4+ 35. Kg1 Qb1+ 36.
Kg2 Qe4+ 37. f3 Qxe3 38. Qd1 Rd8 39. Ra4 g6 40. Rc4 Rd5 41. h4 g5 42. hxg5 Rxg5 43. d5 Qe5 44. Rg4 Rxg4 45. fxg4 Qe4+ 46. Qf3 Qc2+ 47.
Kh3 Qh7+ 48. Kg2 Qc2+ 49. Kf1 Qc1+ 50. Ke2 Qc2+ 51. Ke3 Qc3+ 52. Ke4 Qb4+ 53. Kf5 Qb1+ 54. Ke5 Qb2+ 55. Kf5 Qb1+ 56. Qe4 Qf1+ 57. Kg5 Qc1+ 58.
Kf6 Qb2+ 59. Qe5 Qf2+ 60. Ke7 Qc5+ 61. Kd7 Qb5+ 62. Kc7 Qc5+ 63. Kd7 Qb5+ 64. Ke7 Qc5+ 65. Qd6 Qa7+ 66. Qd7 Qa3+ 67. Kd8 Qa5+ 68. Ke7 Qa3+ 69. Kf6 Qc3+ 70. Kf5 Qf3+ 71. Kg5 Qe3+ 72. Kh5 Qe5+ 73. g5 Qe2+ 74. Kh4 Qe4+ 75. Kh3 Qh1+ 76. Kg4 Qe4+ 77.
Kh3 Qh1+ 78. Kg4 Qe4+ 79. Kh3 Qh7+ 80. Kg2 Qe4+ 81. Kf2 Qd4+ 82. Kf3 Qd3+ 83. Kf4 Qd4+ 84. Kf5 Qd3+ 85. Kf4 Qd4+ 86. Kf5 Qd3+ 87. Ke5 Qxg3+ 88. Kd4 Qg1+ 89. Kc4 Qc1+ 90. Kb5 Qb2+ 91. Kc6 Qc3+ 92. Kb6 Qb4+ 93. Qb5 Qd6+ 94. Kb7 Kf8 95. Qc6 Ke7 96. Qc7+ Qd7 97. Kb6 Ke8 98. Qxd7+ Kxd7 99. Kc5 Kc7 100.
d6+ Kd7 101. Kd5 Kd8 102. Ke5 Kd7 103. Kf6 Ke8 104. d7+ Kxd7 105. Kxf7 1-0

[Event "*** Titled Tuesday Blitz"]
[Site "Chess.com"]
[Date "2018.09.04"]
[Round "5"]
[White "Gr3egor"]
[Black "Eagle_pada"]
[Result "0-1"]
[WhiteElo "2488"]
[BlackElo "2674"]
[TimeControl "180+2"]
[EndTime "14:36:21 PDT"]
[Termination "Eagle_pada won by resignation"]

1. d4 Nf6 2. c4 e6 3. Nc3 Bb4 4. Qc2 O-O 5. Nf3 d5 6. cxd5 exd5 7. Bg5 h6 8. Bh4 c5 9. e3 cxd4 10. Nxd4 Nc6 11. Nxc6 bxc6 12. Bd3 Bd6 13. Bg3 Bxg3 14. hxg3 Re8 15. O-O Ng4 16. Bf5 Qf6 17. Bxg4 Bxg4 18. Qa4 h5 19. Rac1 Re6 20. b4 d4 21. exd4 Qxd4 22.
Qb3 h4 23. gxh4 Rg6 24. Kh2 Bf3 25. g3 Rxg3 26. fxg3 Qd2+ 0-1

[Event "*** Titled Tuesday Blitz"]
[Site "Chess.com"]
[Date "2018.09.04"]
[Round "5"]
[White "gemarin"]
[Black "Spring199"]
[Result "0-1"]
[WhiteElo "2104"]
[BlackElo "2229"]
[TimeControl "180+2"]
[EndTime "14:36:23 PDT"]
[Termination "Spring199 won by resignation"]

1. d4 d5 2. c4 e6 3. Nc3 Bb4 4.
Qa4+ Nc6 5. cxd5 exd5 6. Nf3 Nf6 7. Ne5 Bd7 8. Nxc6 Bxc3+ 9. bxc3 Bxc6 10. Qa3 Ne4 11.
g3 Nd6 12. Bf4 O-O 13. Bxd6 cxd6 14. Bg2 a6 15. O-O Rc8 16. Rfc1 Re8 17. e3 Re7 18. Qb3 Rec7 19. Bxd5 0-1

[Event "*** Titled Tuesday Blitz"]
[Site "Chess.com"]
[Date "2018.09.04"]
[Round "5"]
[White "FMJoseHerrera"]
[Black "Elshan1985"]
[Result "0-1"]
[WhiteElo "2405"]
[BlackElo "2739"]
[TimeControl "180+2"]
[EndTime "14:36:36 PDT"]
[Termination "Elshan1985 won by resignation"]

1. Nf3 d5 2. g3 Bg4 3. Bg2 Nd7 4. d3 c6 5. c3 e5 6. O-O Ngf6 7. Qb3 Qc7 8. a4 Be7 9. a5 O-O 10. a6 b5 11. Qc2 Rfe8 12. e4 Rab8 13. Re1 dxe4 14. dxe4 h6 15. Be3 Bc5 16. Bxc5 Nxc5 17. b4 Bxf3 18. Nd2 Bxg2 19. Kxg2 Ne6 20. Nb3 c5 21.
Qd2 cxb4 22. cxb4 Red8 23. Qe3 Qb6 24. Nc5 Nxc5 25. bxc5 Qc6 26. Rac1 Rd4 27. f3 Rc8 28. Qc3 Nd7 29. Rc2 Rc4 0-1

[Event "*** Titled Tuesday Blitz"]
[Site "Chess.com"]
[Date "2018.09.04"]
[Round "5"]
[White "volcanoexplorer"]
[Black "Der_Honigdachs"]
[Result "0-1"]
[WhiteElo "2306"]
[BlackElo "2313"]
[TimeControl "180+2"]
[EndTime "14:36:47 PDT"]
[Termination "Der_Honigdachs won by resignation"]

1. e4 d6 2. d4 Nf6 3. Nc3 e5 4. dxe5 dxe5 5. Qxd8+ Kxd8 6. Nf3 Bd6 7. Bc4 Be6 8. Bxe6 fxe6 9. Bg5 Ke7 10. O-O-O a6 11. h4 Nd7 12. h5 h6 13. Be3 b5 14. Nh4 Rhe8 15. f3 Kf7 16. g4 Bb4 17. Ng6 Bxc3 18. bxc3 Red8 19. Rd2 Ke8 20. Rhd1 Nh7 21. Rd3 Nhf8 22.
Nh4 Nb6 23. Bxb6 cxb6 24. Rd6 Rxd6 25. Rxd6 Rb8 26. Ng6 Nxg6 27. hxg6 Ke7 28. Rc6 Kd7 0-1

[Event "*** Titled Tuesday Blitz"]
[Site "Chess.com"]
[Date "2018.09.04"]
[Round "5"]
[White "bugsbunny444"]
[Black "LucaBrasi1968"]
[Result "1-0"]
[WhiteElo "2431"]
[BlackElo "2429"]
[TimeControl "180+2"]
[EndTime "14:36:48 PDT"]
[Termination "bugsbunny444 won by resignation"]

1. Nf3 d5 2. c4 c6 3. g3 Nf6 4. Bg2 Bf5 5. cxd5 cxd5 6. Qb3 Qc8 7. Nc3 e6 8. O-O Nc6 9. d3 Be7 10. Bf4 O-O 11. Rac1 Qd7 12. e4 dxe4 13. dxe4 Nxe4 14. Rfd1 Qc8 15. Ne5 Nxc3 16. Rxc3 Rd8 17. Rxd8+ Qxd8 18. Rxc6 f6 19. Rxe6 1-0

[Event "*** Titled Tuesday Blitz"]
[Site "Chess.com"]
[Date "2018.09.04"]
[Round "5"]
[White "GHANDEEVAM2003"]
[Black "GhostOfGreenval"]
[Result "1-0"]
[WhiteElo "2691"]
[BlackElo "2460"]
[TimeControl "180+2"]
[EndTime "14:36:59 PDT"]
[Termination "GHANDEEVAM2003 won by resignation"]

1. Nf3 d5 2. c4 e6 3. d4 Nf6 4. g3 dxc4 5. Bg2 Nc6 6. Qa4 Bb4+ 7. Bd2 Nd5 8. Bxb4 Nxb4 9. O-O O-O 10. a3 Nd5 11.
Qxc4 Nb6 12. Qd3 Qe7 13. Nc3 Rd8 14. Rfd1 Na5 15. Ne4 Bd7 16. Qc3 Bc6 17. Ne5 Bxe4 18. Bxe4 Nc6 19. Bxc6 1-0

[Event "*** Titled Tuesday Blitz"]
[Site "Chess.com"]
[Date "2018.09.04"]
[Round "5"]
[White "Kriari"]
[Black "LawrenceTrent"]
[Result "1-0"]
[WhiteElo "2825"]
[BlackElo "2555"]
[TimeControl "180+2"]
[EndTime "14:37:09 PDT"]
[Termination "Kriari won by resignation"]

1. d4 d5 2. Nc3 Bf5 3. Bf4 e6 4. e3 Nf6 5. f3 Bd6 6. g4 Bg6 7.
h4 h6 8. Bd3 Bxd3 9. Qxd3 a6 10. Nge2 c5 11. dxc5 Bxc5 12. O-O-O Nc6 13. Ng3 e5 14. g5 exf4 15. exf4 Qd6 16. gxf6 Qxf4+ 17. Kb1 Qxg3 18. Qxd5 Rd8 19. Rhe1+ Be7 20. Qxd8+ 1-0

[Event "*** Titled Tuesday Blitz"]
[Site "Chess.com"]
[Date "2018.09.04"]
[Round "5"]
[White "51616516516"]
[Black "RU_B9"]
[Result "1-0"]
[WhiteElo "2200"]
[BlackElo "2003"]
[TimeControl "180+2"]
[EndTime "14:37:28 PDT"]
[Termination "51616516516 won by resignation"]

1. d4 Nf6 2. c4 e6 3. Nc3 d5 4.
cxd5 exd5 5. Bg5 c6 6. e3 Bd6 7. Bd3 Nbd7 8. Nge2 Nf8 9. h3 Ne6 10. Bh4 Qe7 11. O-O O-O 12. Qc2 g6 13. e4 g5 14.
Bxg5 Nxg5 15. e5 Bxe5 16. dxe5 Qxe5 17. Ng3 Bxh3 18. gxh3 Nxh3+ 19. Kh2 Ng4+ 20. Kxh3 Ne3 1-0

[Event "*** Titled Tuesday Blitz"]
[Site "Chess.com"]
[Date "2018.09.04"]
[Round "5"]
[White "ItalianMachine"]
[Black "Synctel"]
[Result "1-0"]
[WhiteElo "2302"]
[BlackElo "1896"]
[TimeControl "180+2"]
[EndTime "14:37:29 PDT"]
[Termination "ItalianMachine won by resignation"]

1. e4 e6 2. d4 d5 3. Nd2 Nc6 4. c3 e5 5. dxe5 dxe4 6. Qa4 Qd5 7. Nxe4 Bf5 8. Ng3 Qxe5+ 9. Be3 Bd7 10. Nf3 Qa5 11.
Qb3 Kd8 1-0

[Event "*** Titled Tuesday Blitz"]
[Site "Chess.com"]
[Date "2018.09.04"]
[Round "5"]
[White "arna"]
[Black "aquaticpineapples"]
[Result "0-1"]
[WhiteElo "2067"]
[BlackElo "2000"]
[TimeControl "180+2"]
[EndTime "14:37:33 PDT"]
[Termination "aquaticpineapples won on time"]

1. e4 d5 2. Nc3 e6 3. d4 Bb4 4. Ne2 dxe4 5. a3 Bxc3+ 6. Nxc3 Nc6 7. Bb5 Ne7 8. Nxe4 O-O 9. c3 Qd5 10. Bd3 f5 11. Ng3 Qxg2 12. Rf1 e5 13. Bc4+ Kh8 14. Bg5 exd4 15. Qh5 f4 16. Ne2 Bg4 0-1